 Dungeon Crawl Stone Soup version 0.30.0-5-g1a98f26d00 (webtiles) character file.

Game seed: 9387552742222329709

590985 browni3141 the End of an Era (level 27, -16/312 HPs)
             Began as an Ogre Delver on May 10, 2023.
             Was the Champion of Qazlal.
             Demolished by a skeletal warrior
             ... wielding a +0 battleaxe
              (22 damage)
             ... on level 2 of the Crypt.
             The game lasted 01:56:36 (59293 turns).

browni3141 the End of an Era (Ogre Delver)         Turns: 59293, Time: 01:56:36

Health: -16/312    AC: 38    Str: 38    XL:     27
Magic:  37/40      EV:  8    Int: 15    God:    Qazlal [******]
Gold:   8094       SH:  8    Dex: 20    Spells: 26/26 levels left

rFire   + . .        b - +9 giant club (spect)
rCold   + + .        (shield currently unavailable)
rNeg    + . .        O - +5 gold dragon scales of the Cockroach {rPois rF+ rC+ Int+3}
rPois   +            R - +2 hat
rElec   +            U - +2 cloak of the Transmuting Gods {rElec Int-5 Dex+7}
rCorr   .            (gloves unavailable)
SInv    .            (boots unavailable)
Will    +++..        B - amulet "Eqiarhi" {rPois Regen+ Int+3} Stlth
                     W - ring of the Enormous God {Str+4 Int+6}
HPRegen 1.52/turn    l - ring of the Crushed Planets {rC+ rN+ Will+ Int-3 Dex+3}
MPRegen 0.27/turn

%: repel missiles
@: protected from physical damage, slowed, glowing, studying Axes, silenced,
very slow
A: large, unfitting armour, tough skin 1, iridescent scales 1
}: 4/15 runes: serpentine, barnacled, slimy, silver
a: Renounce Religion


You were on level 2 of the Crypt.
You worshipped Qazlal.
Qazlal was exalted by your worship.
You visited 10 branches of the dungeon, and saw 47 of its levels.
You also visited: Bailey.

You collected 8569 gold pieces.
You spent 475 gold pieces at shops.

Inventory:

Hand Weapons
 b - a +9 spectral giant club (weapon)
Missiles
 n - 45 boomerangs
 w - 17 silver javelins (quivered)
 J - 13 javelins
 N - 87 large rocks
 T - 8 boomerangs of dispersal
 Z - 3 throwing nets
Armour
 O - the +5 gold dragon scales of the Cockroach (worn) {rPois rF+ rC+ Int+3}
   (You acquired it on level 11 of the Dungeon)

   Int:       It affects your intelligence (+3).
   rF:        It protects you from fire.
   rC:        It protects you from cold.
   rPois:     It protects you from poison.
 R - a +2 hat (worn)
 U - the +2 cloak of the Transmuting Gods (worn) {rElec Int-5 Dex+7}
   (You found it on level 2 of the Shoals)

   Int:       It affects your intelligence (-5).
   Dex:       It affects your dexterity (+7).
   rElec:     It insulates you from electricity.
Magical Staves
 G - the staff of poison "Ecwohol" {+Blink rPois rF+}
   (You found it on level 5 of the Vaults)

   [staff of poison]

   Base accuracy: +5 Base damage: 5 Base attack delay: 1.2 This weapon's minimum
   attack delay (0.6) is reached at skill level 12.
   rF:        It protects you from fire.
   rPois:     It protects you from poison.
   +Blink:    It lets you blink.
   It falls into the 'Staves' category.
   It is a one-handed weapon.
Jewellery
 j - the ring "Betwiteo" {rPois Will+ SInv}
   (You found it on level 2 of the Shoals)

   [ring of willpower]

   rPois:     It protects you from poison.
   SInv:      It lets you see invisible.
   Will:      It increases your willpower.
 k - a ring of resist corrosion
 l - the ring of the Crushed Planets (right hand) {rC+ rN+ Will+ Int-3 Dex+3}
   (You bought it in a shop on level 7 of the Dungeon)

   [ring of positive energy]

   Int:       It affects your intelligence (-3).
   Dex:       It affects your dexterity (+3).
   rC:        It protects you from cold.
   rN:        It protects you from negative energy.
   Will:      It increases your willpower.
 B - the amulet "Eqiarhi" (around neck) {rPois Regen+ Int+3}
   (You found it on level 1 of the Depths)

   [amulet of regeneration]

   Int:       It affects your intelligence (+3).
   rPois:     It protects you from poison.
   Regen:     It increases your rate of health regeneration.
 W - the ring of the Enormous God (left hand) {Str+4 Int+6}
   (You took it off a meliai on level 12 of the Dungeon)

   [ring of intelligence]

   Str:       It affects your strength (+4).
   Int:       It affects your intelligence (+6).
Wands
 g - a wand of digging (40)
 p - a wand of polymorph (34)
 s - a wand of roots (46)
 u - a wand of mindburst (28)
 A - a wand of acid (19)
 P - a wand of paralysis (76)
Scrolls
 d - 10 scrolls of magic mapping
 e - 4 scrolls of blinking
 f - 14 scrolls of teleportation
 o - 6 scrolls of immolation
 r - a scroll of brand weapon {unknown}
 t - 8 scrolls of fear
 v - 2 scrolls of silence {unknown}
 x - 4 scrolls of butterflies
 y - 8 scrolls of vulnerability
 z - 11 scrolls of poison
 E - 7 scrolls of fog
 S - 3 scrolls of torment
Potions
 c - a potion of cancellation
 h - 5 potions of haste
 i - 2 potions of invisibility
 m - 8 potions of magic
 q - 5 potions of berserk rage
 C - 12 potions of curing
 F - 6 potions of flight
 H - 5 potions of heal wounds
 K - 7 potions of attraction
 L - 6 potions of lignification
 M - 4 potions of might
 Q - 5 potions of resistance
 X - 8 potions of mutation
 Y - 8 potions of ambrosia
Miscellaneous
 a - a box of beasts
 D - a phantom mirror
 I - a tin of tremorstones (2/2)
 V - a lightning rod (4/4)


   Skills:
 + Level 24.9 Fighting
 - Level 18.0 Maces & Flails
 * Level 10.9 Throwing
 + Level 18.3 Armour
 - Level 5.0 Dodging
 - Level 3.7 Stealth
 O Level 27 Invocations
 - Level 13.0 Evocations


You had 26 spell levels left.
You didn't know any spells.
Your spell library contained the following spells:

 Spells                   Type           Power      Damage    Failure   Level
 Apportation              Tloc           0%         N/A       89%         1
 Freeze                   Ice            0%         1d3       89%         1
 Necrotise                Necr           0%         1d4       89%         1
 Shock                    Conj/Air       0%         1d3       89%         1
 Slow                     Hex            0%         N/A       89%         1
 Summon Small Mammal      Summ           0%         N/A       89%         1
 Blink                    Tloc           0%         N/A       96%         2
 Cigotuvi's Dreadful Rot  Necr/Pois/Air  0%         N/A       96%         2
 Ensorcelled Hibernation  Hex/Ice        0%         N/A       96%         2
 Lesser Beckoning         Tloc           0%         N/A       96%         2
 Passwall                 Tmut/Erth      0%         N/A       96%         2
 Poisonous Vapours        Pois/Air       0%         N/A       96%         2
 Static Discharge         Conj/Air       0%         2-2/arc   96%         2
 Sublimation of Blood     Necr           0%         N/A       96%         2
 Confusing Touch          Hex            0%         N/A       99%         3
 Dazzling Flash           Conj/Hex       0%         N/A       99%         3
 Frozen Ramparts          Ice            0%         1d1       99%         3
 Gell's Gravitas          Tloc           0%         N/A       99%         3
 Hailstorm                Conj/Ice       0%         3d3       99%         3
 Ignite Poison            Fire/Tmut/Pois 0%         N/A       99%         3
 Mephitic Cloud           Conj/Pois/Air  0%         N/A       99%         3
 Ozocubu's Armour         Ice            0%         N/A       99%         3
 Stone Arrow              Conj/Erth      0%         3d7       99%         3
 Summon Guardian Golem    Hex/Summ       0%         N/A       99%         3
 Swiftness                Air            0%         N/A       99%         3
 Teleport Other           Tloc           0%         N/A       99%         3
 Vampiric Draining        Necr           0%         2d6       99%         3
 Vhi's Electric Charge    Tloc/Air       0%         N/A       99%         3
 Volatile Blastmotes      Fire/Tloc      0%         2d10      99%         3
 Airstrike                Air            0%         2d(0-16)  100%        4
 Animate Armour           Summ/Erth      0%         N/A       100%        4
 Dispel Undead            Necr           0%         3d6       100%        4
 Ice Form                 Ice/Tmut       0%         N/A       100%        4
 Iskenderun's Mystic Bla  Conj/Tloc      0%         2d3       100%        4
 Manifold Assault         Tloc           0%         N/A       100%        4
 Passage of Golubria      Tloc           0%         N/A       100%        4
 Petrify                  Tmut/Erth      0%         N/A       100%        4
 Summon Lightning Spire   Summ/Air       0%         N/A       100%        4
 Agony                    Necr           0%         N/A       100%        5
 Arcjolt                  Conj/Air       0%         1d10      100%        5
 Freezing Cloud           Conj/Ice/Air   0%         6-21      100%        5
 Irradiate                Conj/Tmut      0%         3d11      100%        5
 Iskenderun's Battlesphe  Conj           0%         2d6       100%        5
 Metabolic Englaciation   Hex/Ice        0%         N/A       100%        5
 Silence                  Hex/Air        0%         N/A       100%        5
 Summon Forest            Summ/Tloc      0%         N/A       100%        5
 Summon Mana Viper        Hex/Summ       0%         N/A       100%        5
 Conjure Ball Lightning   Conj/Air       0%         3x3d6     100%        6
 Death Channel            Necr           0%         N/A       100%        6
 Eringya's Noxious Bog    Tmut/Pois      0%         N/A       100%        6
 Iron Shot                Conj/Erth      0%         9d1       100%        6
 Simulacrum               Ice/Necr       0%         N/A       100%        6
 Starburst                Conj/Fire      0%         6d3       100%        6
 Statue Form              Tmut/Erth      0%         N/A       100%        6
 Summon Cactus Giant      Summ           0%         N/A       100%        6
 Malign Gateway           Summ/Tloc      0%         N/A       100%        7
 Orb of Destruction       Conj           0%         9d5       100%        7
 Ozocubu's Refrigeration  Ice            0%         4d7       100%        7
 Spellforged Servitor     Conj/Summ      0%         N/A       100%        7
 Storm Form               Tmut/Air       0%         N/A       100%        7
 Summon Hydra             Summ           0%         N/A       100%        7
 Discord                  Hex            0%         N/A       100%        8
 Disjunction              Tloc           0%         N/A       100%        8
 Lehudib's Crystal Spear  Conj/Erth      0%         10d2      100%        8
 Maxwell's Capacitive Co  Air            0%         ∞         100%        8
 Summon Horrible Things   Summ           0%         N/A       100%        8


Dungeon Overview and Level Annotations

Branches:
Dungeon (15/15)            Temple (1/1) D:7            Lair (5/5) D:10
 Shoals (4/4) Lair:2        Snake (4/4) Lair:2        Slime (5/5) Lair:4
    Orc (2/2) D:12            Elf (0/3) Orc:2        Vaults (5/5) D:13
  Crypt (2/3) Vaults:3     Depths (4/4) D:15            Zot (0/5) Depths:4
 Bailey (visited)

Altars:
Ashenzari
Cheibriados
Dithmenos
Elyvilon
Fedhas
Gozag
Hepliaklqana
Kikubaaqudgha
Makhleb
Nemelex Xobeh
Okawaru
Qazlal
Ru
Sif Muna
Trog
Uskayaw
Vehumet
Wu Jian
Xom
Yredelemnul
Zin
The Shining One
Jiyva

Shops:
D:2 [   D:7 =   D:8 *   D:9 (   Orc:2 [=(:   Snake:1 [   Vaults:1 (
Depths:2 [   Depths:3 *

Portals:
Hell: Depths:1 Depths:2 Depths:3 Depths:4
Abyss: Depths:1 Depths:3
Pandemonium: Depths:2 Depths:3
Ziggurat: Depths:3
Trove: D:12 (give +5 demon trident)

Annotations:
Shoals:2 3 runed translucent doors, exclusion: 3 doors
Snake:1 Roxanne
Crypt:2 Mennas


Innate Abilities, Weirdness & Mutations

You are too large for most types of armour.
You have tough skin. (AC +1)
You are partially covered in iridescent scales. (AC +2)


Message History

The curse skull calls on the powers of darkness!
Your body is wracked with pain!
Mennas convulses!
The vampire knight hits you with a +2 war axe of freezing.
Your resistance to physical damage fades away.
You feel protected from cold.
The vampire knight bites you but does no damage.
The shadow wraith hits you. The shadow wraith drains your vigour!
You feel yourself slow down. You block Mennas's attack.
Mennas hits you with a +4 sacred scourge of holy wrath.
Your resistance to cold fades away.
You feel protected from physical attacks.
The phantasmal warrior gestures at you.
The phantasmal warrior blinks!
The skeletal warrior hits you but does no damage.
The skeletal warrior hits you with a +0 battleaxe.
You have reached level 27, the final one!
Your experience leads to an increase in your attributes!
Your base attributes are Str 31, Int 11, Dex 10.
Increase (S)trength, (I)ntelligence, or (D)exterity?
You feel stronger. x3
You flatten Mennas like a pancake!!!
Mennas is severely wounded.
The grasping roots constrict Mennas.
The grasping roots constrict the vampire knight!!
The grasping roots constrict the skeletal warrior. x2
The grasping roots constrict the skeletal warrior! x2
The roots release their grip on the vampire knight.
The vampire knight is engulfed in blazing flames.
The vampire knight barely misses you.
The vampire knight bites you but does no damage.
Mennas hits you but does no damage. x2
The curse skull calls on the powers of darkness!
Your body is wracked with pain!
* * * LOW HITPOINT WARNING * * *
Mennas convulses!
The shadow dragon zombie bites you but does no damage.
You block the shadow dragon zombie's attack.
The shadow dragon zombie claws you but does no damage.
The shadow wraith hits you but does no damage.
The vampire knight is engulfed in blazing flames.
The vampire knight hits you but does no damage.
The vampire knight bites you but does no damage.
The skeletal warrior struggles to escape constriction.
The skeletal warrior hits you with a +0 long sword!
* * * LOW HITPOINT WARNING * * *
You feel more protected from physical attacks.
The phantasmal warrior is engulfed in blazing flames.
You block the skeletal warrior's attack.
Mennas blocks your attack.
Mennas is severely wounded.
The grasping roots constrict Mennas!
The grasping roots constrict the skeletal warrior! x2
The grasping roots constrict the skeletal warrior. x2
The roots release their grip on the skeletal warrior.
You block Mennas's attack. Mennas closely misses you.
The vampire knight is engulfed in blazing flames.
You block the vampire knight's attack. The vampire knight bites you.
* * * LOW HITPOINT WARNING * * *
The shadow wraith hits you but does no damage.
The shadow dragon zombie is engulfed in blazing flames.
The shadow dragon zombie bites you but does no damage.
The shadow dragon zombie claws you but does no damage. x2
Mennas barely misses you. You block Mennas's attack.
The skeletal warrior hits you but does no damage.
The skeletal warrior is engulfed in freezing vapours.
The skeletal warrior hits you with a +0 battleaxe!!
* * * LOW HITPOINT WARNING * * *
The phantasmal warrior gestures at you.
The phantasmal warrior blinks!
The skeletal warrior struggles to escape constriction.
A swamp drake skeleton comes into view.
The vampire knight hits you with a +2 war axe of freezing!!
* * * LOW HITPOINT WARNING * * *
You feel more protected from physical attacks.
The vampire knight bites you.
* * * LOW HITPOINT WARNING * * *
Mennas blocks your attack.
Mennas is almost dead.
The grasping roots constrict Mennas!!
The grasping roots constrict the skeletal warrior!
The grasping roots constrict the skeletal warrior!!
The grasping roots constrict the skeletal warrior!
The roots release their grip on Mennas.
The roots release their grip on the skeletal warrior.
Mennas hits you but does no damage.
Mennas hits you with a +4 sacred scourge of holy wrath!
* * * LOW HITPOINT WARNING * * *
The shadow wraith is engulfed in blazing flames.
The shadow wraith hits you!
* * * LOW HITPOINT WARNING * * *
The vampire knight is engulfed in blazing flames.
The vampire knight hits you but does no damage.
The vampire knight barely misses you.
The shadow dragon zombie is engulfed in blazing flames.
The shadow dragon zombie bites you but does no damage.
The shadow dragon zombie claws you but does no damage. x2
The skeletal warrior hits you but does no damage.
The skeletal warrior is engulfed in freezing vapours.
The skeletal warrior hits you with a +0 battleaxe!!
You die...

#################
....W............
.....°†Z.z.......
......VAz○.......
...†.VW@zz.......
.....zZ####+#####
....MWW ......3
......V ......Z
....... .#####.


You could see Mennas (silencing), a vampire knight (fast), 4 skeletal warriors,
a soul eater (unsilenced), a vampire mage, a shadow wraith (summoned,
invisible), a curse skull (unsilenced), a phantasmal warrior (summoned,
unsilenced), 2 freezing wraiths, a vampire (summoned), a mummy (summoned), a
shadow dragon zombie (summoned), a harpy zombie (summoned) and a swamp drake
skeleton.

Vanquished Creatures
  the Royal Jelly (Slime:5)
  Boris (twice) (Vaults:4 Depths:1)
  Sojobo (Crypt:1)
  Frederick (Crypt:1)
  Xtahua (Depths:3)
  3 golden dragons
  Jory (Crypt:1)
  2 doom hounds (Crypt:2)
  Zenata (Vaults:3)
  A walking crystal tome (Depths:3)
  8 liches
  9 tentacled monstrosities
  The ghost of Zotwa the Champion of Chaos, an adept GnSk of Makhleb (Vaults:2)
  Asterion (Vaults:3)
  4 titans
  2 quicksilver dragons
  A walking divine tome (Depths:3)
  3 walking frostbound tomes (Depths:1)
  24 acid blobs
  Grunn (Crypt:2)
  4 ancient champions
  6 sphinxes
  Frances (D:13)
  Polyphemus (Shoals:1)
  8 tengu reavers
  9 shadow dragons
  3 storm dragons
  2 nagarajas (Snake:4)
  3 daevas (Depths:2)
  2 revenants (Crypt:1)
  13 fire giants
  13 rockslimes
  10 azure jellies
  2 deep elf sorcerers (Vaults:5)
  13 vault wardens
  10 frost giants
  2 iron dragons
  2 curse skulls
  4 angels (Depths:2)
  Louise (Depths:1)
  A draconian shifter (Depths:4)
  3 war gargoyles
  A reaper (Depths:2)
  25 ironbound preservers
  3 spriggan defenders
  An orc warlord (Orc:2)
  16 very ugly things
  11 quicksilver oozes
  The ghost of HobsGoblin the Covert, a journeyman DsWn of Gozag (Orc:1)
  3 ghouls
  16 stone giants
  6 vampire knights
  4 ironbound thunderhulks
  2 green draconians (Depths:4)
  A yellow draconian (Depths:4)
  A deep elf demonologist (Vaults:5)
  3 deep elf annihilators
  A red draconian (Depths:4)
  3 crystal guardians
  11 ettins
  Snorg (D:14)
  An eidolon (Crypt:1)
  10 spark wasps
  15 dire elephants
  3 fire dragons
  3 deep elf death magi
  4 merfolk javelineers (Shoals:4)
  7 merfolk impalers
  2 entropy weavers
  8 jiangshi
  15 great orbs of eyes
  3 rakshasas
  2 deep elf high priests (Vaults:5)
  Erolcha (D:13)
  Fannar (D:10)
  3 peacekeepers
  12 yaktaur captains
  32 vault guards
  3 salamander tyrants (Snake:4)
  7 ice dragons
  7 centaur warriors
  5 hydras
  7 spriggan air magi
  12 anacondas
  5 alligator snapping turtles
  Erica (Orc:1)
  16 ironbound frosthearts
  7 merfolk avatars
  4 death knights (Crypt:1)
  3 two-headed ogres
  2 merfolk aquamancers (Shoals:4)
  4 catoblepae
  5 boulder beetles
  7 tengu warriors
  15 naga warriors
  3 vampire magi
  12 death yaks
  3 hell hogs (Depths:4)
  A satyr (Shoals:3)
  6 deep troll shamans
  8 deep troll earth magi
  3 spriggan berserkers
  A shock serpent (shapeshifter) (Vaults:2)
  Urug (Lair:4)
  3 sun demons
  7 hell knights
  11 naga sharpshooters
  5 orc high priests (Orc:2)
  10 shock serpents
  2 soul eaters
  2 spriggans (Depths:4)
  2 deep elf knights
  3 skysharks
  2 sixfirhies (Depths:2)
  8 skeletal warriors
  A titan skeleton (Crypt:1)
  6 cherubim (Depths:2)
  66 deep trolls
  A goliath frog (shapeshifter) (Vaults:5)
  2 swamp dragons (shapeshifter) (Vaults:5)
  14 salamander mystics
  21 sea snakes
  A shadow demon (Depths:3)
  Lodul (D:11)
  5 iron trolls
  7 naga ritualists
  7 glowing orange brains
  A wolf spider zombie (Crypt:1)
  11 lindwurms
  A glowing orange brain (shapeshifter) (Vaults:3)
  A bunyip zombie (Crypt:1)
  32 harpies
  22 ironbound convokers
  13 wizards
  A bog body (Crypt:2)
  A bunyip skeleton (Crypt:1)
  Pikel (D:5)
  A harpy (shapeshifter) (Vaults:5)
  13 phantasmal warriors
  4 deep elf pyromancers
  15 mana vipers
  16 orc knights
  48 ugly things
  5 necromancers
  2 orc sorcerers
  7 shining eyes
  2 deep elf zephyrmancers
  A shadow dragon skeleton (Depths:1)
  17 manticores
  35 salamanders
  Maurice (D:12)
  41 black mambas
  5 cyclopes
  11 fauns
  18 elephants
  17 vault sentinels
  4 rust devils
  8 merfolk sirens
  7 guardian serpents
  4 smoke demons
  2 torpor snails (Lair:5)
  A guardian serpent (shapeshifter) (D:14)
  2 water nymphs (shapeshifter) (Vaults:5)
  7 eyes of devastation
  An orange demon (Depths:2)
  17 cane toads
  20 naga magi
  4 water nymphs
  A yaktaur (shapeshifter) (D:15)
  An efreet (D:13)
  7 komodo dragons
  4 spectral deep trolls (Crypt:1)
  5 rime drakes
  9 freezing wraiths
  An unseen horror (D:10)
  24 yaktaurs
  Psyche (D:12)
  An unseen horror (shapeshifter) (D:13)
  4 tengu conjurers
  An ice devil (Depths:2)
  An alligator snapping turtle skeleton (Crypt:1)
  3 red devils
  7 wind drakes
  6 trolls
  23 merfolk
  2 polar bears (shapeshifter)
  A meliai (D:12)
  3 polar bears (Lair:3)
  17 snapping turtles
  A shadow dragon simulacrum (Depths:1)
  3 hornets
  8 blink frogs
  14 dream sheep
  Sigmund (D:4)
  88 slime creatures
  A culicivora (Vaults:1)
  A jumping spider (Vaults:5)
  2 shadows
  A spriggan (shapeshifter) (D:13)
  Eustachio (D:4)
  5 wyverns
  2 water elementals
  A vampire (D:12)
  8 wraiths
  A spriggan skeleton (Depths:1)
  5 basilisks
  29 yaks
  A yak (shapeshifter) (D:12)
  A black mamba skeleton (Crypt:1)
  11 golden eyes
  19 humans (D:13)
  A fire elemental (Lair:3)
  A chaos spawn (Depths:3)
  A redback (shapeshifter) (Vaults:2)
  3 redbacks
  6 vampire mosquitoes
  3 neqoxecs
  4 wargs
  47 nagas
  15 water moccasins
  3 floating eyes
  A faun skeleton (Crypt:1)
  A sky beast (D:6)
  A floating eye (shapeshifter) (Vaults:4)
  49 orc warriors
  A naga skeleton (Crypt:1)
  An ice beast (D:6)
  A black bear (shapeshifter) (Vaults:5)
  2 black bears
  23 wolves
  An elephant skeleton (Crypt:1)
  15 ogres
  2 lemures (D:5)
  7 centaurs
  A kobold brigand (D:10)
  Blork the orc (D:4)
  3 necrophages (Crypt:2)
  11 bullfrogs
  4 gnoll sergeants
  2 scorpions
  A queen bee zombie (Crypt:1)
  11 wights
  A water moccasin skeleton (Crypt:2)
  10 killer bees
  A troll skeleton (Crypt:1)
  5 howler monkeys
  6 electric eels
  28 orc priests
  7 hounds
  3 jellies
  A sleepcap (D:7)
  An iguana (D:5)
  16 orc wizards
  A hell rat (Lair:5)
  A naga zombie (Crypt:1)
  Robin (D:2)
  20 gnolls
  An orc zombie (D:5)
  4 adders
  A gnoll zombie (D:5)
  A white imp (D:8)
  An ufetubus (D:7)
  A lava snake zombie (Crypt:1)
  2 worms
  4 dart slugs
  79 orcs
  7 ball pythons
  6 bats
  10 endoplasms
  3 giant cockroaches
  13 goblins
  8 hobgoblins
  6 jackals
  3 quokkas
  3 frilled lizards
  A frilled lizard zombie (Crypt:1)
  24 kobolds
  A kobold skeleton (Crypt:1)
  6 rats
  A rat skeleton (Crypt:2)
  2 butterflies (Lair:2)
  5 spectral weapons
2012 creatures vanquished.

Vanquished Creatures (collateral kills)
  A titan (Vaults:5)
  2 sphinxes (Vaults:5)
  2 tengu reavers (Vaults:5)
  The ghost of Angmar the Brawler, an adept DrTm of Wu Jian (Shoals:2)
  A vault warden (Vaults:5)
  A fire giant (Depths:1)
  3 ironbound preservers (Vaults:5)
  Nessos (Lair:4)
  A war gargoyle (Vaults:5)
  2 very ugly things (Vaults:3)
  A merfolk impaler (Shoals:1)
  A yaktaur captain (Vaults:5)
  A rakshasa (Depths:1)
  2 vault guards (Vaults:5)
  A satyr (Shoals:2)
  A shadow wraith (Vaults:5)
  A skyshark (Shoals:1)
  An ugly thing (Vaults:3)
  A merfolk siren (Shoals:4)
  A vault sentinel (Vaults:3)
  A freezing wraith (Vaults:3)
  A merfolk (Shoals:4)
  A wraith (Crypt:2)
29 creatures vanquished.

Vanquished Creatures (others)
  A golden dragon (Depths:1)
  A wizard (Vaults:3)
  A phantasmal warrior (Vaults:5)
  A merfolk siren (Shoals:4)
  A human (D:13)
  An orc wizard (Orc:1)
  59 spectral weapons
65 creatures vanquished.

Grand Total: 2106 creatures vanquished

Notes
Turn   | Place    | Note
-------+----------+-------------------------------------------
     0 | D:5      | browni3141 the Ogre Delver began the quest for the Orb.
     0 | D:5      | Reached XP level 1. HP: 24/24 MP: 1/1
    75 | D:4      | Noticed Blork the orc
    78 | D:4      | Noticed a jelly
   149 | D:4      | Noticed Eustachio
   149 | D:4      | Found a shimmering blue altar of Sif Muna.
   159 | D:5      | Noticed a hound
   163 | D:5      | Killed a hound
   164 | D:5      | Reached XP level 2. HP: 31/33 MP: 2/2
   164 | D:5      | Reached XP level 3. HP: 38/40 MP: 3/3
   236 | D:5      | Found a broken altar of Ashenzari.
   411 | D:5      | Reached skill level 3 in Maces & Flails
   411 | D:5      | Reached XP level 4. HP: 26/50 MP: 4/4
   569 | D:5      | Found a transporter.
   592 | D:5      | Noticed a scorpion
   630 | D:5      | Noticed Pikel
   630 | D:5      | Noticed a lemure
   630 | D:5      | Noticed a lemure
   630 | D:5      | Noticed a lemure
   630 | D:5      | Noticed a lemure
   651 | D:5      | Noticed a black bear
   683 | D:4      | Found a sand-covered staircase.
   692 | D:4      | HP: 1/50 [black bear (3)]
   693 | D:4      | Killed a black bear
   694 | D:4      | Reached XP level 5. HP: 2/57 MP: 5/5
  1383 | D:1      | Reached XP level 6. HP: 65/67 MP: 6/6
  1738 | D:1      | Found a faded altar of an unknown god.
  2034 | D:2      | Noticed Robin
  2041 | D:2      | Reached skill level 6 in Fighting
  2167 | D:2      | Killed Robin
  2278 | D:2      | Found a shimmering altar of Xom.
  2416 | D:2      | Identified the +1 whip of Conscience {heavy, Will+ Int+2
                  | Dex+2}
  2462 | D:2      | Found Loojem's Antique Armour Boutique.
  3552 | D:4      | Reached XP level 7. HP: 65/76 MP: 7/7
  3585 | D:5      | Reached skill level 6 in Maces & Flails
  3850 | D:4      | Killed Eustachio
  4175 | D:4      | Reached XP level 8. HP: 86/88 MP: 8/8
  4253 | D:4      | Noticed Sigmund
  4265 | D:4      | Killed Sigmund
  4407 | D:4      | Killed Blork the orc
  4690 | D:5      | Found a transporter.
  5049 | D:5      | Found a transporter.
  5248 | D:5      | Found a transporter.
  5535 | D:5      | Found an opulent altar of Gozag.
  5596 | D:5      | Found a broken altar of Ashenzari.
  5619 | D:5      | Killed Pikel
  5620 | D:5      | Reached skill level 9 in Fighting
  5620 | D:5      | Reached XP level 9. HP: 24/100 MP: 9/9
  5952 | D:6      | Found a transporter.
  5966 | D:6      | Reached skill level 9 in Maces & Flails
  5997 | D:6      | Found a transporter.
  6129 | D:5      | HP: 2/101 [killer bee (8)]
  7058 | D:7      | Found a staircase to the Ecumenical Temple.
  7176 | Temple   | Entered the Ecumenical Temple
  7446 | Temple   | Became a worshipper of Qazlal Stormbringer
  7665 | D:7      | Reached skill level 1 in Invocations
  7893 | D:7      | Found a hazy altar of Hepliaklqana.
  7979 | D:7      | Reached skill level 2 in Invocations
  8206 | D:7      | Found a glowing golden altar of the Shining One.
  8360 | D:7      | Found Gos Iko's Jewellery Boutique.
  9036 | D:8      | Reached skill level 3 in Invocations
  9036 | D:8      | Reached XP level 10. HP: 50/111 MP: 12/12
  9397 | D:7      | Reached skill level 4 in Invocations
  9915 | D:8      | Reached * piety under Qazlal
 10226 | D:7      | Bought the ring of the Crushed Planets {rC+ rN+ Will+ Int-3
                  | Dex+3} for 475 gold pieces
 10459 | D:8      | Found Tuymid's Assorted Antiques.
 11007 | D:9      | Noticed a two-headed ogre
 11213 | D:9      | Killed a two-headed ogre
 11214 | D:9      | Reached skill level 5 in Invocations
 11214 | D:9      | Reached skill level 3 in Evocations
 11246 | D:9      | Found a flagged portal.
 11270 | Bailey   | Entered a bailey
 11277 | Bailey   | Noticed an orc knight
 11292 | Bailey   | Identified the +2 ring mail "Koreuwk" {rN+ Str-3 Dex+4}
 11292 | Bailey   | Noticed an orc knight
 11539 | Bailey   | Killed an orc knight
 11540 | Bailey   | Reached skill level 6 in Invocations
 11566 | Bailey   | Reached ** piety under Qazlal
 11600 | Bailey   | Killed an orc knight
 11601 | Bailey   | Reached XP level 11. HP: 85/123 MP: 15/15
 12372 | D:9      | Reached skill level 7 in Invocations
 12786 | D:9      | Found Vossuh's Antique Weapon Shop.
 12802 | D:9      | Noticed a two-headed ogre
 12881 | D:9      | Killed a two-headed ogre
 12882 | D:9      | Reached skill level 12 in Fighting
 13155 | D:10     | Entered Level 10 of the Dungeon
 13655 | D:10     | Noticed Fannar
 13679 | D:10     | Killed Fannar
 13782 | D:10     | Found a radiant altar of Vehumet.
 13815 | D:10     | Paralysed by a hornet for 3 turns
 13827 | D:10     | Paralysed by a hornet for 1 turns
 14221 | D:10     | Reached skill level 8 in Invocations
 14611 | D:10     | Found a staircase to the Lair.
 14856 | D:10     | Found a burning altar of Makhleb.
 14860 | D:10     | Found an ancient bone altar of Kikubaaqudgha.
 14865 | D:10     | Found a shimmering altar of Xom.
 15183 | D:11     | Noticed a boulder beetle
 15213 | D:11     | Killed a boulder beetle
 15214 | D:11     | Reached skill level 12 in Maces & Flails
 15761 | D:11     | Reached skill level 9 in Invocations
 15777 | D:11     | Reached *** piety under Qazlal
 16154 | D:11     | Noticed Lodul
 16161 | D:11     | Killed Lodul
 16169 | D:11     | Reached XP level 12. HP: 48/133 MP: 12/19
 16425 | D:11     | Identified a scroll of acquirement
 16425 | D:11     | Acquired the +5 gold dragon scales of the Cockroach {rPois
                  | rF+ rC+ Int+3}
 16859 | D:12     | Found a staircase to the Orcish Mines.
 17074 | D:12     | Reached skill level 10 in Invocations
 17662 | D:12     | Noticed Psyche
 17668 | D:12     | Killed Psyche
 17709 | D:12     | Noticed Maurice
 17724 | D:12     | Killed Maurice
 17727 | D:12     | Acquired the +10 great mace of Iroguj {antimagic, rPois}
 17771 | D:12     | Found a portal to a secret trove of treasure.
 17811 | D:12     | Reached skill level 3 in Armour
 18005 | D:12     | Reached **** piety under Qazlal
 18230 | D:12     | Noticed a two-headed ogre
 18237 | D:12     | Killed a two-headed ogre
 18492 | D:12     | Noticed a deep elf knight
 18492 | D:12     | Noticed a seven-headed hydra
 18493 | D:12     | Noticed a four-headed hydra
 18494 | D:12     | Noticed a boulder beetle
 18495 | D:12     | Killed a deep elf knight
 18496 | D:12     | Identified the ring of the Enormous God {Str+4 Int+6}
 18498 | D:12     | Killed a four-headed hydra
 18501 | D:12     | Reached skill level 11 in Invocations
 18821 | D:12     | Killed a seven-headed hydra
 18877 | D:12     | Killed a boulder beetle
 18878 | D:12     | Reached XP level 13. HP: 100/145 MP: 7/21
 18985 | D:12     | Identified the +11 glaive of Skirmishing {elec, rC++ Dex+3
                  | SInv}
 19141 | D:13     | Found a transporter.
 19192 | D:13     | Noticed an entropy weaver
 19201 | D:13     | an entropy weaver changed into something unseen
 19489 | D:13     | Noticed Erolcha
 19499 | D:13     | Killed Erolcha
 19819 | D:13     | Noticed an azure jelly
 19888 | D:13     | Found a viscous altar of Jiyva.
 19965 | D:13     | Identified the +0 ring mail of Ocazaol {Drain Fly rCorr}
 20193 | D:13     | Found a gate to the Vaults.
 20194 | D:13     | Noticed a vault guard
 20194 | D:13     | Noticed a vault guard
 20201 | D:13     | Killed a vault guard
 20208 | D:13     | Reached skill level 12 in Invocations
 20213 | D:13     | Killed a vault guard
 20511 | D:13     | Noticed Frances
 20523 | D:13     | Gained mutation: You are partially covered in iridescent
                  | scales. (AC +2) [a neqoxec]
 20526 | D:13     | Killed Frances
 20789 | D:13     | Found a transporter.
 20789 | D:13     | Noticed a great orb of eyes
 20877 | Lair:1   | Entered Level 1 of the Lair of Beasts
 20898 | Lair:1   | Reached skill level 6 in Armour
 21862 | Lair:2   | Reached XP level 14. HP: 157/157 MP: 7/23
 21918 | Lair:2   | Found a staircase to the Snake Pit.
 22021 | Lair:2   | Reached ***** piety under Qazlal
 22237 | Lair:2   | Reached skill level 13 in Invocations
 22284 | Lair:2   | Found a staircase to the Shoals.
 22639 | Lair:2   | Identified the +12 plate armour "Hudwiac" {rC+ Dex+2}
 22934 | Lair:3   | Reached skill level 15 in Fighting
 23712 | Lair:4   | Found a staircase to the Slime Pits.
 23713 | Lair:4   | Found a viscous altar of Jiyva.
 23791 | Lair:4   | Noticed Nessos
 23798 | Lair:4   | Killed Nessos
 23995 | Lair:4   | Reached skill level 15 in Maces & Flails
 24055 | Lair:4   | Reached skill level 14 in Invocations
 24134 | Lair:4   | Noticed Urug
 24139 | Lair:4   | Killed Urug
 24492 | Lair:4   | Identified the +10 dagger "Syor" {freeze, Drain Fly rElec
                  | rN+}
 24741 | Lair:5   | Entered Level 5 of the Lair of Beasts
 24959 | Lair:5   | Reached XP level 15. HP: 144/170 MP: 8/25
 25368 | Lair:5   | Reached ****** piety under Qazlal
 25372 | Lair:5   | Reached skill level 15 in Invocations
 26145 | Snake:1  | Entered Level 1 of the Snake Pit
 26382 | Snake:1  | Found Yphat's Armour Boutique.
 26424 | Snake:1  | Reached skill level 16 in Invocations
 26491 | Snake:1  | Identified Roxanne's Atlas of Scree
 26491 | Snake:1  | Noticed Roxanne
 26719 | Snake:1  | Reached skill level 9 in Armour
 26719 | Snake:1  | Reached XP level 16. HP: 179/179 MP: 9/28
 27619 | Snake:2  | Reached skill level 17 in Invocations
 27624 | Snake:2  | Reached XP level 17. HP: 116/187 MP: 9/29
 28639 | Snake:3  | Reached skill level 18 in Invocations
 29197 | Snake:3  | Found an ancient bone altar of Kikubaaqudgha.
 29465 | Snake:4  | Entered Level 4 of the Snake Pit
 29623 | Snake:4  | Reached skill level 19 in Invocations
 30286 | Snake:4  | Reached XP level 18. HP: 165/196 MP: 10/31
 30454 | Snake:4  | Identified the +4 war axe of Rotation {speed, rC+ rN++
                  | Dex+2 Stlth-}
 30462 | Snake:4  | Reached skill level 20 in Invocations
 30722 | Snake:4  | Reached skill level 12 in Armour
 31305 | Snake:4  | Got a serpentine rune of Zot
 31582 | Shoals:1 | Entered Level 1 of the Shoals
 31665 | Shoals:1 | Reached skill level 21 in Invocations
 32381 | Shoals:2 | Found a runed translucent gate.
 32381 | Shoals:2 | Found a runed translucent gate.
 32381 | Shoals:2 | Found a runed translucent gate.
 32382 | Shoals:2 | Noticed Angmar's ghost (adept DrTm)
 32505 | Shoals:2 | Noticed Polyphemus
 32570 | Shoals:1 | Killed Polyphemus
 32753 | Shoals:2 | Found a runed translucent gate.
 32886 | Shoals:2 | Found a runed translucent gate.
 32887 | Shoals:2 | Found a runed translucent gate.
 33379 | Shoals:2 | Reached XP level 19. HP: 112/206 MP: 5/33
 33382 | Shoals:2 | Killed Angmar's ghost
 33541 | Shoals:2 | Identified the ring "Betwiteo" {rPois Will+ SInv}
 33545 | Shoals:2 | Identified the +2 cloak of the Transmuting Gods {rElec
                  | Int-5 Dex+7}
 34373 | Shoals:4 | Entered Level 4 of the Shoals
 35987 | Shoals:4 | Acquired a +7 spectral giant club
 36227 | Shoals:4 | Got a barnacled rune of Zot
 36547 | Vaults:1 | Entered Level 1 of the Vaults
 36982 | Vaults:1 | Found Voozxoor's Weapon Boutique.
 37037 | Vaults:1 | Reached skill level 22 in Invocations
 37297 | Vaults:1 | Reached skill level 6 in Evocations
 37357 | Vaults:1 | Reached XP level 20. HP: 216/218 MP: 35/35
 37661 | Vaults:2 | Found a runed translucent door.
 37661 | Vaults:2 | Noticed Zotwa's ghost (adept GnSk)
 37703 | Vaults:2 | Killed Zotwa's ghost
 37731 | Vaults:2 | Reached XP level 21. HP: 227/227 MP: 36/36
 38837 | Vaults:3 | Reached skill level 3 in Dodging
 38841 | Vaults:3 | Reached skill level 18 in Fighting
 38849 | Vaults:3 | Noticed Zenata
 39098 | Vaults:3 | Killed Zenata
 39163 | Vaults:3 | Noticed Asterion
 39175 | Vaults:3 | Killed Asterion
 39257 | Vaults:3 | Identified the +3 arbalest of the Battered Dances {speed,
                  | rC+ rN+ Int+2 Stlth+}
 39400 | Vaults:3 | Found a staircase to the Crypt.
 39442 | Vaults:3 | Reached skill level 23 in Invocations
 39539 | Vaults:3 | Reached XP level 22. HP: 236/239 MP: 37/37
 39875 | Vaults:3 | Reached skill level 18 in Maces & Flails
 40386 | Vaults:4 | Reached skill level 9 in Evocations
 41208 | Vaults:4 | Identified the +8 whip "Impslayer" {heavy, rN+ Dex+3}
 41505 | Vaults:5 | Entered Level 5 of the Vaults
 41526 | Vaults:5 | Noticed a golden dragon
 41527 | Vaults:5 | Reached skill level 24 in Invocations
 41532 | Vaults:5 | Reached XP level 23. HP: 144/251 MP: 16/39
 41534 | Vaults:5 | Killed a golden dragon
 41686 | Vaults:5 | Reached skill level 15 in Armour
 41956 | Vaults:5 | Noticed Boris
 41976 | Vaults:4 | Killed Boris
 43859 | Vaults:5 | Identified the +2 hand axe of Barnacled Valiance {freeze,
                  | rC+ rN+ MP+9}
 43867 | Vaults:5 | Identified the +8 chain mail "Nucrixt" {Str+5 Dex+2}
 44106 | Vaults:5 | Identified the staff of poison "Ecwohol" {+Blink rPois rF+}
 44116 | Vaults:5 | Got Isacitsu's Parchment of Transformed Cadavers
 44177 | Vaults:5 | Identified the +2 dagger "Ket Bya" {vamp, rPois}
 44193 | Vaults:5 | Identified the staff of poison "Xetzoha" {Contam rPois rC+
                  | Int+5}
 44197 | Vaults:5 | Got a silver rune of Zot
 44306 | Vaults:5 | Identified the staff of conjuration "Budeczel" {+Blink rF+
                  | rC- Str+4}
 44311 | Vaults:5 | Found the +3 pair of seven-league boots {Rampage+∞}
 44815 | Vaults:5 | Identified the +8 glaive of Exhibitionism {chaos, rC+
                  | Will+}
 45070 | Orc:1    | Entered Level 1 of the Orcish Mines
 45117 | Orc:1    | Noticed HobsGoblin's ghost (journeyman DsWn)
 45134 | Orc:1    | You fall into a shaft and drop 1 floor!
 45134 | Orc:2    | Entered Level 2 of the Orcish Mines
 45155 | Orc:2    | Reached skill level 25 in Invocations
 45165 | Orc:2    | Reached skill level 12 in Evocations
 45325 | Orc:2    | Reached XP level 24. HP: 196/265 MP: 39/39
 45586 | Orc:2    | Found a staircase to the Elven Halls.
 45889 | Orc:2    | Found Zomeryadgh's Jewellery Emporium.
 45892 | Orc:2    | Found Tafie's Weapon Shoppe.
 45893 | Orc:2    | Found Yduodwio's Antique Armour Emporium.
 45894 | Orc:2    | Found Baun's Book Emporium.
 45945 | Orc:1    | Noticed Erica
 45953 | Orc:1    | Killed Erica
 46059 | Orc:1    | Found a bloodstained altar of Trog.
 46102 | Orc:1    | Found a transporter.
 46104 | Orc:1    | Found a transporter.
 46339 | Orc:1    | Killed HobsGoblin's ghost
 47321 | D:14     | Noticed Snorg
 47330 | D:14     | Killed Snorg
 47850 | D:15     | Entered Level 15 of the Dungeon
 48082 | D:15     | Found a staircase to the Depths.
 48556 | Depths:1 | Entered Level 1 of the Depths
 48560 | Depths:1 | Noticed Boris
 48571 | Depths:1 | Killed Boris
 48658 | Depths:1 | Found a one-way gate to the infinite horrors of the Abyss.
 48658 | Depths:1 | Noticed Louise
 48667 | Depths:1 | Killed Louise
 48767 | Depths:1 | Found a gateway to Hell.
 49147 | Depths:1 | Identified the +0 robe "Liuk" {rPois rCorr Stlth-}
 49571 | Depths:1 | Paralysed by a floating eye for 3 turns
 49624 | Depths:1 | Identified the staff of death "Deefyhec" {rF+++ rN+ Will++
                  | Int-4 SInv}
 49685 | Depths:1 | Reached skill level 21 in Fighting
 49745 | Depths:1 | Identified the +7 ring mail of Aryusaet {MP+9 Int+4}
 49746 | Depths:1 | Identified the +9 plate armour of the Lair of Beasts
                  | {Regen+}
 49887 | Depths:1 | Reached skill level 26 in Invocations
 49977 | Depths:1 | Identified the amulet "Eqiarhi" {rPois Regen+ Int+3}
 50020 | Depths:2 | Found Jaghua's Armour Shoppe.
 50148 | Depths:2 | Paralysed by a floating eye for 3 turns
 50393 | Depths:2 | Reached XP level 25. HP: 279/279 MP: 40/40
 50395 | Depths:2 | Found a one-way gate leading to the halls of Pandemonium.
 50800 | Depths:2 | Identified the +4 chain mail of the Beastly God {*Corrode
                  | rF+++ Int-5 Dex+4}
 51016 | Depths:2 | Found a glowing silver altar of Zin.
 51196 | Depths:2 | Identified the +7 hand axe of Infinite Pain {holy, rC++
                  | Dex-4}
 51478 | Depths:3 | Found a one-way gateway to a ziggurat.
 51791 | Depths:3 | Found Neteticu's Mayhem Merchandise.
 52071 | Depths:3 | Noticed Xtahua
 52079 | Depths:3 | Killed Xtahua
 52080 | Depths:3 | Reached skill level 27 in Invocations
 52720 | Depths:4 | Entered Level 4 of the Depths
 53355 | Depths:4 | Found a gate to the Realm of Zot.
 54104 | Depths:3 | Reached skill level 3 in Throwing
 54632 | Slime:1  | Entered Level 1 of the Pits of Slime
 54638 | Slime:1  | Reached XP level 26. HP: 297/297 MP: 35/40
 55356 | Slime:3  | Reached skill level 6 in Throwing
 55488 | Slime:3  | You fall into a shaft and drop 1 floor!
 55659 | Slime:4  | Reached skill level 24 in Fighting
 56568 | Slime:5  | Entered Level 5 of the Pits of Slime
 56634 | Slime:5  | Noticed the Royal Jelly
 57048 | Slime:5  | Found a viscous altar of Jiyva.
 57156 | Slime:5  | Killed the Royal Jelly
 57157 | Slime:5  | Reached skill level 18 in Armour
 57621 | Slime:5  | Identified the +1 war axe "Ceitsuq" {venom, rN++ SInv}
 57638 | Slime:5  | Identified the +0 robe of the Ninety-Nine Beasts {Drain rF+
                  | rN++}
 57653 | Slime:5  | Identified the staff of death "Zoskig" {rF- rN+ Dex+3 SInv}
 57655 | Slime:5  | Identified the +12 war axe "Jacziah" {holy, rF+ rC- rN++
                  | Int+2}
 57665 | Slime:5  | Got a slimy rune of Zot
 57670 | Slime:5  | Identified the +2 pair of gloves of Lyrgh {SInv}
 57688 | Slime:5  | Identified the +2 trident of Sloth {speed, rElec rC++ rCorr
                  | Int-5}
 58158 | Crypt:1  | Entered Level 1 of the Crypt
 58185 | Crypt:1  | Noticed Sojobo
 58190 | Crypt:1  | Reached skill level 9 in Throwing
 58192 | Crypt:1  | Noticed Frederick
 58195 | Crypt:1  | Killed Sojobo
 58404 | Crypt:1  | Killed Frederick
 58934 | Crypt:1  | Noticed Jory
 58951 | Crypt:1  | Killed Jory
 59265 | Crypt:2  | Noticed Grunn
 59275 | Crypt:2  | Killed Grunn
 59279 | Crypt:2  | Noticed Mennas
 59291 | Crypt:2  | Reached XP level 27. HP: 118/312 MP: 36/40
 59293 | Crypt:2  | HP: 13/312 [Mennas/+4 sacred scourge of holy wrath (8)]
 59293 | Crypt:2  | HP: 6/312 [shadow wraith[a curse skull] (7)]
 59293 | Crypt:2  | Demolished by a skeletal warrior

Illustrated notes

Levels and vault maps discovered:
D:1:      minmay_arrival_four_houses, layout_basic,
          shapermc_ecumenical_altar_mp_ritualfount
D:2:      layout_rooms, basic_altar, serial_shops, nicolae_shop_tiny_waterfront,
          hangedman_abyss_or_decor_stabs, minmay_tromino_i4, uniq_robin
D:3:      layout_loops_corners
D:4:      layout_rooms, mainiacjoe_overflow_tiny_flanked,
          nicolae_ossuary_entry_ruins, uniq_sigmund, uniq_blork_the_orc,
          uniq_eustachio
D:5:      gammafunk_cloud_chamber, layout_loops_corners,
          mainiacjoe_overflow_cross_hatched,
          nicolae_gozag_cash_rules_everything_around_me, uniq_pikel
D:6:      gammafunk_steamed_eel, layout_cave_pools
D:7:      layout_loops_cross, nicolae_hepliaklqana_hazy_memory, tso_metal_star,
          minmay_temple_entry_sparse_star, serial_shops, nicolae_shop_peninsula
D:8:      layout_basic, serial_shops, kennysheep_mini, serial_rivers,
          chequers_serial_rivers_marsh, chequers_serial_rivers_small_3,
          chequers_serial_rivers_marsh, chequers_serial_rivers_large_b,
          chequers_serial_rivers_large_a, chequers_serial_rivers_micro_c,
          st_stairs_4
D:9:      layout_gridville, serial_shops, nicolae_lakefront_shop, enter_bailey_7
D:10:     layout_basic, grunt_temple_overflow_diamond,
          nicolae_vehumet_altar_sigil, lair_entry_dummy, uniq_fannar
D:11:     layout_cave_pools, uniq_lodul
D:12:     minmay_the_grid_triangle_9x9_rhombus_thin
          [minmay_the_grid_triangle_9x9_odd_lines,
          minmay_the_grid_triangle_9x9_prize_center,
          minmay_the_grid_triangle_9x9_sprig,
          minmay_the_grid_triangle_9x9_dagger], layout_basic,
          minmay_orc_entry_temple_small, enter_trove_3, uniq_psyche,
          uniq_maurice
D:13:     gammafunk_jiyva_shrine, layout_cave_pods, grunt_vaults_entry_tiered,
          minmay_misc_feat_ornament, uniq_frances, uniq_erolcha
D:14:     layout_stronghold, uniq_snorg
D:15:     grunt_enter_depths_giant_problem, layout_basic, minmay_misc_feat_iff
Temple:   compressed_dpeg_triangle_lava_temple
Lair:1:   layout_regular_city
Lair:2:   layout_cave_pods, minmay_shoals_entry_lonely_mermaid,
          guppyfry_snake_entry_island, lemuel_fruit_fields
Lair:3:   layout_gridlike, beast_lair_carwin_5, grunt_megastairs_5
Lair:4:   layout_cave_pods, minmay_slime_entry_pillars, uniq_nessos, uniq_urug
Lair:5:   hangedman_lair_in_review, layout_cave_pods, infiniplex_staircase_pool
Shoals:1: layout_shoals
Shoals:2: layout_shoals, gammafunk_ghost_split, nicolae_shoals_beach_cooler,
          uniq_polyphemus
Shoals:3: layout_shoals
Shoals:4: shoals_end_simple, layout_shoals
Snake:1:  layout_layer_cave, nicolae_large_snake_swirl, minmay_shop_star,
          lemuel_fruit_tree, uniq_roxanne
Snake:2:  layout_rooms, grunt_ministairs_9, serial_bayou_shore_a
Snake:3:  layout_rooms, basic_altar, grunt_megastairs_1
Snake:4:  snake_pit_salamanders_mu, layout_cave_town
Slime:1:  layout_caves, nicolae_slime_getting_an_eyeful
Slime:2:  layout_caves, nicolae_slime_phagocytosis
Slime:3:  layout_caves
Slime:4:  layout_caves
Slime:5
Orc:1:    layout_caves, gammafunk_ghost_arena, basic_altar, uniq_erica
Orc:2:    st_orc_pillars, layout_caves, sword_in_stone
Vaults:1: nicolae_vaults_tetromino_Z_1, v_misc_29,
          nicolae_vaults_closet_pinwheel_1, v_misc_12,
          nicolae_vaults_hallways_thing, nicolae_vaults_wrenched,
          nicolae_vaults_trapezoid_1, hangedman_vaults_restitches,
          nicolae_vaults_storage_room_statues, ontoclasm_vaults_chip,
          nicolae_vaults_apartment_2, nicolae_vaults_trapezoid_4,
          nicolae_vaults_little_squares_2, vaults_dpeg_spiral,
          vaults_room_stairs_pillars, layout_vaults_omnibox, serial_shops,
          nicolae_shop_bloodbath_and_beyond
Vaults:2: hellmonk_ghost_happy_afterlife, hangedman_vaults_locks,
          nicolae_vaults_closet_pinwheel_1, v_misc_19, grunt_vaults_focal,
          nicolae_vaults_circle_grid_b, ontoclasm_vaults_chip, v_misc_32,
          nicolae_vaults_mush_room, nicolae_vaults_sesquioval_fish,
          nicolae_vaults_trapezoid_2, vaults_room_hallway, grunt_vaults_funnel,
          vaults_room_grid, ontoclasm_vaults_gateway, nicolae_vaults_two_Ls,
          layout_vaults_big_cross
Vaults:3: hangedman_vaults_maws, nicolae_vaults_network_periphery,
          nicolae_vaults_network_star, minmay_crypt_entry_simple_sparse,
          nicolae_vaults_triangles, nicolae_vaults_little_squares_5,
          ontoclasm_vaults_gallery, nicolae_vaults_windows_and_doors_thing,
          nicolae_vaults_little_squares_6, vaults_dpeg_hooks,
          nicolae_vaults_yaktaur_gun_rack, vaults_room_pools, vaults_dpeg_ring,
          layout_vaults_ring, uniq_asterion, uniq_zenata
Vaults:4: hangedman_vaults_nodes, vaults_standard_mumra_enter_the_diamond,
          nicolae_vaults_mitosis, nicolae_vaults_tangram_2,
          nicolae_vaults_lightning_bolt, nicolae_vaults_house_2,
          layout_vaults_omnigrid
Vaults:5: serial_shops, uniq_boris
Crypt:1:  layout_chaotic_city, skrybe_necro_troll_2, grunt_crypt_arrival_split,
          grunt_megastairs_4, uniq_frederick, uniq_sojobo, uniq_jory
Crypt:2:  layout_chaotic_city, st_stairs_9, uniq_grunn, uniq_mennas,
          uniq_margery
Depths:1: minmay_box_of_curves, layout_twisted_cross, hell_entry,
          nicolae_abyss_entry_one_way_or_another, minmay_multi_spiral
Depths:2: evilmike_silver_temple, layout_basic, pf_hell_entry_tar_spiral,
          grunt_pan_entry_sceptre, serial_shops, nicolae_stop_n_shop_1
Depths:3: minmay_isolated_rectangles_in_corner, layout_basic, enter_ziggurat_e,
          grunt_pan_entry_spiral, minmay_misc_feat_hallway, abyss_entry,
          hell_entry, minmay_shop_mayhem, infiniplex_staircase_zigzag_4,
          uniq_xtahua
Depths:4: evilmike_zot_entry_basic, layout_basic, wad_floor_pattern_untrapped,
          hellmouth_3, infiniplex_staircase_pool_lava, grunt_megastairs_2

Skill      XL: |  1  2  3  4  5  6  7  8  9 10 11 12 13 14 15 16 17 18 19 20 21 22 23 24 25 26 |
---------------+-------------------------------------------------------------------------------+-----
Maces & Flails | 2 3 4 5 6 8 10 11 12 13 14 15 16 17 18 | 18.0
Fighting       | 5 6 7 9 10 11 12 13 14 16 17 18 19 20 21 23 24 | 24.9
Invocations    | 3 6 9 11 12 14 16 17 19 21 22 23 24 25 26 27 | 27.0
Evocations     | 1 3 6 8 10 12 13 | 13.0
Armour         | 4 6 7 9 10 11 13 14 15 16 17 18 | 18.3
Dodging        | 3 5 |  5.0
Throwing       | 3 10 | 10.9
Stealth        | |  3.7

Action                     |  1- 3 |  4- 6 |  7- 9 | 10-12 | 13-15 | 16-18 | 19-21 | 22-24 | 25-27 || total
---------------------------+-------+-------+-------+-------+-------+-------+-------+-------+-------++-------
  Melee: Mace              |    31 |   187 |       |       |       |       |       |       |       ||   218
         Punch             |     1 |     4 |       |    14 |       |       |       |       |       ||    19
         Whip              |       |    43 |   252 |   698 |    12 |       |       |       |       ||  1005
         Great mace        |       |       |       |    45 |   689 |   847 |   297 |       |       ||  1878
         Giant club        |       |       |       |       |       |       |   346 |   847 |   819 ||  2012
  Throw: Dart              |       |       |    50 |    81 |    21 |    13 |       |       |       ||   165
         Boomerang         |       |       |       |    25 |       |       |    19 |     5 |       ||    49
         Javelin           |       |       |       |       |       |       |       |       |    20 ||    20
 Invoke: Upheaval          |       |       |       |     5 |     6 |     8 |     2 |       |     5 ||    26
         Disaster Area     |       |       |       |       |       |     4 |     2 |     6 |       ||    12
         Elemental Force   |       |       |       |       |       |     3 |     2 |     5 |     1 ||    11
  Evoke: Wand              |       |       |    14 |    22 |       |    12 |       |     1 |     2 ||    51
         Phantom mirror    |       |       |       |       |     1 |       |       |       |       ||     1
         Tin of tremorston |       |       |       |       |       |     3 |       |     1 |       ||     4
    Use: Potion            |       |     1 |     1 |     3 |     1 |     3 |     2 |     1 |     3 ||    15
         Scroll            |       |     5 |     3 |    14 |     8 |     2 |     5 |     3 |     1 ||    41
   Stab: Sleeping          |       |     7 |     3 |       |       |       |       |       |       ||    10
         Paralysed         |       |       |     3 |       |       |     1 |     5 |     4 |     1 ||    14
         Distracted        |       |       |       |       |       |       |    10 |    11 |    15 ||    36
 Armour: Robe              |     4 |    92 |    57 |    70 |       |       |       |       |       ||   223
         Gold dragon scale |       |       |       |   136 |   668 |   699 |   479 |   520 |   526 ||  3028
  Dodge: Dodged            |    17 |   117 |   113 |   176 |   140 |   147 |   128 |   261 |   190 ||  1289
         Repelled          |       |       |       |       |     4 |    18 |     4 |     6 |    12 ||    44
  Block: Other             |       |       |       |    57 |   305 |   349 |   202 |   275 |   214 ||  1402
